 Dungeon Crawl Stone Soup version 0.20.0-10-g0535bb4 (webtiles) character file.

49 Hasart the Changer (level 3, -3/16 HPs)
             Began as a Felid Transmuter on June 3, 2017.
             Slain by a hobgoblin
             ... wielding a +0 club
              (6 damage)
             ... on level 3 of the Dungeon.
             The game lasted 00:05:25 (2249 turns).

Hasart the Changer (Felid Transmuter)               Turns: 2249, Time: 00:05:26

Health: -3/16      AC:  0    Str:  6      XL:     3   Next: 53%
Magic:  3/7        EV: 21    Int: 14      God:
Gold:   63         SH:  0    Dex: 21 (22) Spells: 3/6 levels left
                                        Lives:  0   Deaths: 0

rFire    . . .     SeeInvis +     - Unarmed
rCold    . . .     Gourm    .   (shield unavailable)
rNeg     . . .     Faith    .   (armour unavailable)
rPois    .         Spirit   .   (helmet unavailable)
rElec    .         Reflect  .   (cloak unavailable)
rCorr    .         Harm     .   (gloves unavailable)
MR       .....     Clarity  +   (boots unavailable)
Stlth    ++........             (no amulet)
Regen    0.1/turn               (ring currently unavailable)
MPRegen  0.1/turn               (ring currently unavailable)

@: bat-form, flying, hasted, very quick
A: no armour, no weapons or thrown items, stealth, see invisible, carnivore 3,
clarity, deterioration 1, robust 1, slow metabolism 1, no potion heal 1
a: no special abilities


You were on level 3 of the Dungeon.
You were very full.
You were in bat-form.
You visited 1 branch of the dungeon, and saw 3 of its levels.

You collected 63 gold pieces.

Inventory:

Missiles
 a - 6 arrows
Scrolls
 d - 3 scrolls of identify {unknown}
 h - a scroll of magic mapping {unknown}
Books
 b - a book of Changes

   Spells                             Type                      Level
   a - Beastly Appendage              Transmutation                1
   b - Sticks to Snakes               Transmutation                2
   c - Spider Form                    Transmutation/Poison         3
   d - Ice Form                       Ice/Transmutation            4
   e - Blade Hands                    Transmutation                5
Comestibles
 c - a meat ration


   Skills:
 - Level 1.0 Fighting
 - Level 2.6 Dodging
 + Level 3.6 Unarmed Combat
 - Level 2.0 Spellcasting
 * Level 3.7 Transmutations


You had 3 spell levels left.
You knew the following spells:

 Your Spells              Type           Power        Failure   Level  Hunger
a - Sticks to Snakes      Tmut           ##......     8%          2    ###....
c - Beastly Appendage     Tmut           ##....       5%          1    ##.....


Dungeon Overview and Level Annotations

Branches:
Dungeon (3/15)

Altars:
Hepliaklqana
The Shining One

Annotations:
D:3 Ijyb


Innate Abilities, Weirdness & Mutations

You cannot wear armour.
You are incapable of wielding weapons or throwing items.
Your paws allow you to move quietly. (Stealth)
((You have sharp claws.))
((You have razor-sharp teeth.))
You have supernaturally acute eyesight. (SInv)
You are carnivorous and can eat meat at any time.
((You cover ground quickly.))
((You are covered in fur. (AC +1)))
You have a slow metabolism.
((Your sharp claws are effective at attacking unaware monsters.))
You possess an exceptional clarity of mind.
Your body sometimes deteriorates upon taking damage.
((Your flesh is heat resistant. (rF+)))
You are robust. (+10% HP)
Potions are less effective at restoring your health.


Message History

You hit the hobgoblin but do no damage.
The hobgoblin is moderately wounded.
You hit the hobgoblin but do no damage.
The hobgoblin is moderately wounded.
Ijyb barely misses you. The hobgoblin hits you with a club.
You hit the hobgoblin but do no damage.
The hobgoblin is moderately wounded.
Ijyb barely misses you.
You hit the hobgoblin but do no damage.
The hobgoblin is moderately wounded.
The hobgoblin hits you with a club.
Your body deteriorates!
You feel clumsy.
You closely miss the hobgoblin.
The hobgoblin is moderately wounded.
Ijyb hits you.
* * * LOW HITPOINT WARNING * * *
You hit the hobgoblin but do no damage.
The hobgoblin is moderately wounded.
The hobgoblin hits you with a club.
You die...

############
#......<...#
#g########.# #b#
#.# #g# #.# #.#
#.####.## #.##
#####........
#.#..#......###.#.
....$#.###.##
.........#g#
.........#.#
#..........###.#


You could see Ijyb and a hobgoblin.

Vanquished Creatures
  2 adders (D:2)
  2 worms (D:2)
  A dart slug (D:1)
  An orc (D:2)
  4 bats (D:1)
  A giant cockroach (D:2)
  2 goblins
  2 hobgoblins (D:1)
  3 jackals
  3 kobolds
  A rat (D:1)
22 creatures vanquished.

Vanquished Creatures (collateral kills)
  A hobgoblin (D:1)
1 creature vanquished.

Grand Total: 23 creatures vanquished

Notes
Turn   | Place    | Note
-------+----------+-------------------------------------------
     0 | D:1      | Hasart the Felid Transmuter began the quest for the Orb.
     0 | D:1      | Reached XP level 1. HP: 9/9 MP: 4/4
   540 | D:1      | Reached XP level 2. HP: 12/12 MP: 4/6
   570 | D:1      | Learned a level 2 spell: Sticks to Snakes
  1258 | D:2      | Gained mutation: You possess an exceptional clarity of mind. [potion of mutation]
  1258 | D:2      | Gained mutation: You are partially covered in molten scales. (AC +2) [potion of mutation]
  1258 | D:2      | Gained mutation: Potions are less effective at restoring your health. [potion of mutation]
  1258 | D:2      | Gained mutation: You are agile. (Dex +2) [potion of mutation]
  1380 | D:2      | Lost mutation: You are agile. (Dex +2) [potion of mutation]
  1380 | D:2      | Lost mutation: You possess an exceptional clarity of mind. [potion of mutation]
  1380 | D:2      | Lost mutation: You are partially covered in molten scales. (AC +2) [potion of mutation]
  1380 | D:2      | Gained mutation: You possess an exceptional clarity of mind. [potion of mutation]
  1380 | D:2      | Gained mutation: Your body sometimes deteriorates upon taking damage. [potion of mutation]
  1380 | D:2      | Gained mutation: You are robust. (+10% HP) [potion of mutation]
  1380 | D:2      | Gained mutation: Your flesh is heat resistant. (rF+) [potion of mutation]
  1396 | D:2      | Found a glowing golden altar of the Shining One.
  1399 | D:2      | Reached XP level 3. HP: 16/16 MP: 7/7
  1686 | D:2      | Found a hazy altar of Hepliaklqana.
  1843 | D:3      | Noticed Ijyb
  2249 | D:3      | Slain by a hobgoblin

Skill      XL: |  1  2 |
---------------+-------+-----
Transmutations | 3 |  3.7
Fighting       | |  1.0
Dodging        | |  2.6
Unarmed Combat | |  3.6
Spellcasting   | |  2.0

Action                   || total
-------------------------++-------
Melee: Unarmed           ||    89
       Headbutt          ||    12
       Bite              ||     4
       Punch             ||     1
 Cast: Beastly Appendage ||    17
       Sticks to Snakes  ||     6
  Use: Potion            ||     5
 Stab: Sleeping          ||     3
  Eat: Chunk             ||    10
Armor: Skin              ||     7
Dodge: Dodged            ||    77
